 Dungeon Sprint DCSS version 0.28-a0-630-g0357d9c091 (webtiles) character file.

Game seed: 6479852014521595366

10200000 Colgate the Archmage (level 27, -30/228 HPs)
             Began as a Djinni Warper on Oct 9, 2021.
             Was the Champion of Makhleb.
             Killed by the air
             ... invoked by a tyrant
              (44 damage)
             ... in the Dungeon (Sprint VIII: "Arena of Blood").
             The game lasted 00:11:53 (102 turns).

Colgate the Archmage (Djinni Warper)                 Turns: 102, Time: 00:11:54

Health: -30/228    AC:  6    Str: 10    XL:     27
Gold:   0          EV: 35    Int: 17    God:    Makhleb [******] SH:  0 Dex: 24

rFire   + + .      SeeInvis .   i - +∞ Axe of Woe
rCold   x . .      Faith    .   (shield currently unavailable)
rNeg    . . .      Spirit   .   b - +0 leather armour
rPois   ∞          Reflect  .   (no helmet)
rElec   .          Harm     .   (no cloak)
rCorr   .          Rampage  .   (no gloves)
Will    ++...      NoTele   +   (boots unavailable)
Stlth   ++++++++++              (no amulet)
HPRegen 0.48/turn               (no ring)
MPRegen 0.00/turn               (no ring)

@: wereblooded, flying, slowed, very slow
A: sickness immunity, fire resistance 2, cold vulnerability 1, float, innate
caster, hp casting, extra vitality 1
a: Renounce Religion, Minor Destruction, Lesser Servant of Makhleb, Major
Destruction, Greater Servant of Makhleb


You were in the Dungeon.
You worshipped Makhleb.
Makhleb was exalted by your worship.
You visited 1 branch

Inventory:

Hand Weapons
 a - a +0 hand axe
 i - the +∞ Axe of Woe (weapon)
   (You found it in the Dungeon)
Missiles
 d - 5 boomerangs of dispersal (quivered)
Armour
 b - a +0 leather armour (worn)
Scrolls
 c - 2 scrolls of blinking
Potions
 e - a potion of curing
 f - a potion of heal wounds
 g - a potion of haste
 h - a potion of berserk rage


   Skills:
 O Level 27 Fighting
 O Level 27 Short Blades
 O Level 27 Long Blades
 O Level 27 Axes
 O Level 27 Maces & Flails
 O Level 27 Polearms
 O Level 27 Staves
 O Level 27 Slings
 O Level 27 Bows
 O Level 27 Crossbows
 O Level 27 Throwing
 O Level 27 Armour
 O Level 27 Dodging
 O Level 27 Stealth
 O Level 27 Shields
 O Level 27 Unarmed Combat
 O Level 27 Spellcasting
 O Level 27 Invocations
 O Level 27 Evocations


You couldn't memorise any spells.
You knew the following spells:

 Your Spells              Type           Power      Damage    Failure   Level
a - Blink                 Tloc           N/A        N/A       0%          2
b - Lesser Beckoning      Tloc           86%        N/A       0%          3
c - Gell's Gravitas       Tloc           43%        N/A       0%          3
d - Wereblood             Tmut           86%        N/A       0%          2
e - Manifold Assault      Tloc           86%        N/A       0%          5
f - Summon Small Mammal   Summ           100%       N/A       0%          1
g - Teleport Other        Tloc           86%        N/A       0%          3
h - Searing Ray           Conj           100%       2d8       0%          2
i - Sticky Flame          Conj/Fire      86%        2d10      0%          4
j - Fireball              Conj/Fire      43%        3d17      0%          5
k - Metabolic Englaciati  Hex/Ice        43%        N/A       0%          5
l - Summon Cactus Giant   Summ           43%        N/A       0%          6
m - Haunt                 Necr/Summ      43%        N/A       1%          7
n - Summon Hydra          Summ           43%        N/A       1%          7
o - Orb of Destruction    Conj           43%        9d14      1%          7
p - Monstrous Menagerie   Summ           43%        N/A       1%          7
q - Fire Storm            Conj/Fire      43%        8d11      2%          9
r - Death's Door          Necr           43%        N/A       2%          9
Your spell library was empty.

Dungeon Overview and Level Annotations

Branches:
Dungeon (1/1)

Altars:
Makhleb


Innate Abilities, Weirdness & Mutations

You are immune to sickness and miasma.
You are immune to poison.
Your flesh is very heat resistant. (rF++)
You are vulnerable to cold. (rC-)
You float through the air rather than walking.
You learn spells naturally, not from books.
Your magical power is your life essence.
You have superior vitality. (+4 HP)


Message History

Something smites you!
* * * LOW HITPOINT WARNING * * *
Things that are here:
a +9 war axe; a +30 ring of slaying
Casting: Manifold Assault (safe; 0% risk of failure)
Confirm with . or Enter, or press ? or * to list all spells.
You don't have enough health to cast this spell.
You slash something!
You slaughter something joyfully.
You feel a bit better. Makhleb accepts your kill.
You feel better.
Reactivating autopickup.
You feel a bit more experienced.
The eight-headed meat hydra appears out of thin air!
An eight-headed meat hydra comes into view.
You feel something staring at you. Something smites you!
* * * LOW HITPOINT WARNING * * *
You hear a shout! x4
The scourge throws poison sting at you. The poison arrow hits you!
You partially resist.
* * * LOW HITPOINT WARNING * * *
A tyrant comes into view.
The eight-headed meat hydra roars!
You open the scourge like a pillowcase!!!
You hew the scourge savagely.
You feel a bit better.
You kill the scourge!
Makhleb accepts your kill.
You feel better.
The dread appears out of thin air!
A dread comes into view.
You howl as the wereblood boils in your veins!
You hear an angry hiss.
You hear a shout! x6
A bag of meat comes into view. It is wielding a +9 war axe.
You hear a shout! x2; You feel something staring at you.
Something smites you!
* * * LOW HITPOINT WARNING * * *
You hear a shout! x2
A scourge comes into view.
The tyrant waves its bony arms in wide circles.
The air twists around and strikes you!!!
You die...

)....) #))..)).#
).#... #)...)..#
)....)###.).)...###.
).....)....###))....
.W.#)....))._.)....
.#.....).#.....#.
.))....).#_.<._#
)#.L..)..#.....#.
)..#...@...._..)...
†))....)).)###......
).)...###.).....###.
)).).) #..).)..#


)))))) #)))))).# ..... .....DS.. #.#. .......). .#.. .....o... You could see a
tyrant, an eight-headed meat hydra, a scourge, a dread (wandering) and a bag of
meat.

Vanquished Creatures
  5 hell beasts (D)
  9 royal mummies (D)
  3 great orbs of eyes (D)
  3 wraiths (D)
  12 vampire knights (D)
  49 ogres (D)
  5 two-headed ogres (D)
  6 liches (D)
  A hydra (D)
  66 orcs (D)
  3 phantoms (D)
  8 skeletal warriors (D)
  A sea snake (D)
171 creatures vanquished.

Notes
Turn   | Place    | Note
-------+----------+-------------------------------------------
     0 | D        | Found the +∞ Axe of Woe
     0 | D        | Colgate the Djinni Warper began the quest for the Orb.
     0 | D        | Reached XP level 1. HP: 18/18 MP: 0/0
     3 | D        | Became a worshipper of Makhleb the Destroyer
     4 | D        | Noticed a bag of meat
     5 | D        | Noticed a bag of meat
     5 | D        | Noticed a bag of meat
     6 | D        | Noticed a meat berserker
     7 | D        | Noticed a bag of meat
     8 | D        | Killed a bag of meat
     8 | D        | Killed a bag of meat
     8 | D        | Reached * piety under Makhleb
     8 | D        | Noticed a meat berserker
     8 | D        | Noticed a bag of meat
     8 | D        | Noticed a bag of meat
     9 | D        | Reached skill level 10 in Fighting
     9 | D        | Reached XP level 2. HP: 36/36 MP: 0/0
     9 | D        | Reached XP level 3. HP: 41/41 MP: 0/0
     9 | D        | Learned a level 1 spell: Summon Small Mammal
     9 | D        | Reached XP level 4. HP: 48/48 MP: 0/0
     9 | D        | Reached XP level 5. HP: 52/52 MP: 0/0
     9 | D        | Learned a level 2 spell: Wereblood
     9 | D        | Reached XP level 6. HP: 58/58 MP: 0/0
     9 | D        | Reached XP level 7. HP: 64/64 MP: 0/0
     9 | D        | Learned a level 2 spell: Searing Ray
     9 | D        | Reached XP level 8. HP: 70/70 MP: 0/0
     9 | D        | Reached XP level 9. HP: 75/75 MP: 0/0
     9 | D        | Learned a level 4 spell: Sticky Flame
     9 | D        | Reached XP level 10. HP: 81/81 MP: 0/0
     9 | D        | Reached XP level 11. HP: 86/86 MP: 0/0
     9 | D        | Learned a level 5 spell: Fireball
     9 | D        | Reached XP level 12. HP: 93/93 MP: 0/0
     9 | D        | Noticed a bag of meat
     9 | D        | Killed a bag of meat
     9 | D        | Killed a meat berserker
     9 | D        | Killed a meat berserker
     9 | D        | Reached ** piety under Makhleb
     9 | D        | Noticed a meat berserker
    10 | D        | Reached XP level 13. HP: 99/105 MP: 0/0
    10 | D        | Learned a level 5 spell: Metabolic Englaciation
    10 | D        | Reached XP level 14. HP: 106/112 MP: 0/0
    10 | D        | Killed a bag of meat
    10 | D        | Killed a bag of meat
    10 | D        | Killed a meat berserker
    10 | D        | Reached *** piety under Makhleb
    10 | D        | Noticed a meat berserker
    10 | D        | Noticed a meat berserker
    11 | D        | Reached skill level 15 in Fighting
    11 | D        | Reached skill level 5 in Throwing
    11 | D        | Reached XP level 15. HP: 121/121 MP: 0/0
    11 | D        | Learned a level 6 spell: Summon Cactus Giant
    11 | D        | Killed a meat berserker
    11 | D        | Killed a meat berserker
    12 | D        | Reached skill level 27 in Spellcasting
    12 | D        | Reached XP level 16. HP: 132/132 MP: 0/0
    13 | D        | Noticed a meat berserker
    14 | D        | Killed a meat berserker
    14 | D        | Reached **** piety under Makhleb
    14 | D        | Noticed a meat berserker
    15 | D        | Reached XP level 17. HP: 139/139 MP: 0/0
    15 | D        | Learned a level 7 spell: Haunt
    15 | D        | Killed a meat berserker
    15 | D        | Noticed a meat berserker
    16 | D        | Reached skill level 5 in Armour
    16 | D        | Killed a meat berserker
    17 | D        | Noticed a meat berserker
    18 | D        | Killed a meat berserker
    19 | D        | Reached XP level 18. HP: 150/155 MP: 0/0
    19 | D        | Noticed a destroyer
    20 | D        | Killed a destroyer
    20 | D        | Reached ***** piety under Makhleb
    21 | D        | Noticed a meat berserker
    21 | D        | Noticed a large bag of meat
    22 | D        | Killed a meat berserker
    22 | D        | Killed a large bag of meat
    23 | D        | Reached skill level 27 in Axes
    23 | D        | Reached skill level 10 in Throwing
    23 | D        | Reached XP level 19. HP: 173/173 MP: 0/0
    23 | D        | Learned a level 7 spell: Summon Hydra
    24 | D        | Reached skill level 27 in Fighting
    24 | D        | Reached skill level 10 in Armour
    24 | D        | Reached skill level 27 in Dodging
    24 | D        | Noticed a large bag of meat
    25 | D        | Killed a large bag of meat
    25 | D        | Noticed a meat berserker
    26 | D        | Reached skill level 15 in Throwing
    26 | D        | Killed a meat berserker
    27 | D        | Reached XP level 20. HP: 181/181 MP: 0/0
    27 | D        | Noticed an eight-headed meat hydra
    27 | D        | Noticed a meat berserker
    27 | D        | Noticed a meat berserker
    28 | D        | Killed a meat berserker
    28 | D        | Killed a meat berserker
    28 | D        | Reached ****** piety under Makhleb
    28 | D        | Killed a nine-headed meat hydra
    28 | D        | Noticed a large bag of meat
    29 | D        | Noticed a destroyer
    29 | D        | Killed a destroyer
    29 | D        | Killed a large bag of meat
    29 | D        | Noticed a meat berserker
    29 | D        | Noticed a destroyer
    29 | D        | Noticed a meat berserker
    30 | D        | Reached skill level 27 in Throwing
    30 | D        | Reached skill level 27 in Armour
    30 | D        | Reached XP level 21. HP: 187/187 MP: 0/0
    30 | D        | Learned a level 7 spell: Orb of Destruction
    30 | D        | Killed a meat berserker
    31 | D        | Reached skill level 5 in Short Blades
    31 | D        | Reached skill level 5 in Long Blades
    31 | D        | Reached skill level 5 in Maces & Flails
    31 | D        | Reached skill level 5 in Polearms
    31 | D        | Reached skill level 5 in Staves
    31 | D        | Reached skill level 5 in Slings
    31 | D        | Reached skill level 5 in Bows
    31 | D        | Reached skill level 5 in Crossbows
    31 | D        | Reached skill level 5 in Stealth
    31 | D        | Reached skill level 5 in Shields
    31 | D        | Reached skill level 5 in Unarmed Combat
    31 | D        | Reached skill level 5 in Invocations
    31 | D        | Reached skill level 5 in Evocations
    31 | D        | Killed a meat berserker
    31 | D        | Killed a destroyer
    31 | D        | Noticed a meat berserker
    32 | D        | Reached XP level 22. HP: 194/194 MP: 0/0
    32 | D        | Killed a meat berserker
    32 | D        | Noticed a meat berserker
    32 | D        | Noticed a meat berserker
    33 | D        | Killed a meat berserker
    33 | D        | Killed a meat berserker
    33 | D        | Noticed a meat berserker
    33 | D        | Noticed a meat berserker
    34 | D        | Reached skill level 10 in Maces & Flails
    34 | D        | Reached skill level 10 in Polearms
    34 | D        | Reached skill level 10 in Slings
    34 | D        | Reached skill level 10 in Bows
    34 | D        | Reached skill level 10 in Crossbows
    34 | D        | Reached XP level 23. HP: 201/201 MP: 0/0
    34 | D        | Learned a level 7 spell: Monstrous Menagerie
    34 | D        | Noticed a destroyer
    34 | D        | Killed a destroyer
    37 | D        | Reached XP level 24. HP: 208/208 MP: 0/0
    38 | D        | Noticed a destroyer
    39 | D        | Killed a destroyer
    39 | D        | Noticed a destroyer
    40 | D        | Reached skill level 15 in Short Blades
    40 | D        | Reached skill level 15 in Long Blades
    40 | D        | Reached skill level 15 in Staves
    40 | D        | Reached skill level 15 in Stealth
    40 | D        | Reached skill level 15 in Shields
    40 | D        | Reached skill level 15 in Unarmed Combat
    40 | D        | Reached skill level 15 in Invocations
    40 | D        | Reached skill level 15 in Evocations
    40 | D        | Killed a destroyer
    41 | D        | Reached skill level 15 in Maces & Flails
    41 | D        | Reached skill level 15 in Polearms
    41 | D        | Reached skill level 15 in Slings
    41 | D        | Reached skill level 15 in Bows
    41 | D        | Reached skill level 15 in Crossbows
    42 | D        | Reached XP level 25. HP: 214/214 MP: 0/0
    42 | D        | Learned a level 9 spell: Fire Storm
    43 | D        | Noticed a destroyer
    44 | D        | Killed a destroyer
    45 | D        | Reached XP level 26. HP: 221/221 MP: 0/0
    47 | D        | Noticed a tyrant
    48 | D        | Killed a tyrant
    49 | D        | Noticed a destroyer
    50 | D        | Noticed an accursed
    50 | D        | Killed an accursed
    50 | D        | Killed a destroyer
    51 | D        | Reached XP level 27. HP: 228/228 MP: 0/0
    51 | D        | Learned a level 9 spell: Death's Door
    51 | D        | Noticed a destroyer
    51 | D        | Noticed a destroyer
    52 | D        | Killed a destroyer
    52 | D        | Killed a destroyer
    53 | D        | Noticed an accursed
    54 | D        | Killed an accursed
    55 | D        | Noticed a tyrant
    56 | D        | Killed a tyrant
    57 | D        | Noticed a destroyer
    57 | D        | Killed a destroyer
    59 | D        | Reached skill level 27 in Shields
    59 | D        | Reached skill level 27 in Unarmed Combat
    59 | D        | Reached skill level 27 in Invocations
    59 | D        | Reached skill level 27 in Evocations
    59 | D        | Noticed an accursed
    60 | D        | Reached skill level 27 in Short Blades
    60 | D        | Reached skill level 27 in Long Blades
    60 | D        | Reached skill level 27 in Staves
    60 | D        | Reached skill level 27 in Stealth
    60 | D        | Killed an accursed
    60 | D        | Noticed a large bag of meat
    61 | D        | Reached skill level 27 in Maces & Flails
    61 | D        | Reached skill level 27 in Polearms
    61 | D        | Reached skill level 27 in Slings
    61 | D        | Reached skill level 27 in Bows
    61 | D        | Reached skill level 27 in Crossbows
    61 | D        | Killed a large bag of meat
    62 | D        | Noticed a large bag of meat
    62 | D        | Noticed a dread
    63 | D        | Killed a large bag of meat
    63 | D        | Killed a dread
    63 | D        | Noticed an accursed
    63 | D        | Noticed an accursed
    64 | D        | Noticed a destroyer
    64 | D        | Killed an accursed
    64 | D        | Killed a destroyer
    64 | D        | Noticed a meat beast
    65 | D        | Killed an accursed
    66 | D        | Killed a meat beast
    67 | D        | Noticed a dread
    68 | D        | Killed a dread
    71 | D        | Noticed a meat beast
    71 | D        | Killed a meat beast
    74 | D        | Noticed an accursed
    75 | D        | Killed an accursed
    75 | D        | Noticed a dread
    76 | D        | Noticed a meat beast
    76 | D        | Killed a dread
    76 | D        | Killed a meat beast
    77 | D        | Noticed a meat beast
    78 | D        | Killed a meat beast
    79 | D        | Noticed a meat beast
    80 | D        | Killed a meat beast
    83 | D        | Noticed an accursed
    84 | D        | Killed an accursed
    86 | D        | Noticed an accursed
    87 | D        | Noticed an accursed
    87 | D        | Noticed a tyrant
    88 | D        | Killed an accursed
    88 | D        | Killed an accursed
    90 | D        | Killed a tyrant
    91 | D        | Noticed a tyrant
    91 | D        | Noticed a large bag of meat
    93 | D        | Killed a tyrant
    93 | D        | Noticed a tyrant
    94 | D        | Noticed a tyrant
    96 | D        | Killed a tyrant
    97 | D        | Killed a tyrant
   100 | D        | HP: 2/228 [something (14)]
   101 | D        | Noticed a tyrant
   102 | D        | Killed from afar by a tyrant

Illustrated notes

Levels and vault maps discovered:
D:        meatsprint

Skill      XL: |  1  2  3  4  5  6  7  8  9 10 11 12 13 14 15 16 17 18 19 20 21 22 23 24 25 26 27 |
---------------+----------------------------------------------------------------------------------+-----
Fighting       | 10 14 15 17 18 22 26 27 | 27.0
Axes           | 9 13 16 19 20 25 27 | 27.0
Throwing       | 3 4 5 6 7 8 10 17 27 | 27.0
Armour         | 3 4 6 8 19 27 | 27.0
Dodging        | 11 14 16 18 19 22 26 27 | 27.0
Spellcasting   | 18 23 25 27 | 27.0
Short Blades   | 8 11 14 17 19 22 27 | 27.0
Long Blades    | 8 11 14 17 19 22 27 | 27.0
Maces & Flails | 7 10 13 15 17 20 27 | 27.0
Polearms       | 7 10 13 15 17 20 27 | 27.0
Staves         | 8 11 14 17 19 22 27 | 27.0
Slings         | 7 10 13 15 17 20 27 | 27.0
Bows           | 7 10 13 15 17 20 27 | 27.0
Crossbows      | 7 10 13 15 17 20 27 | 27.0
Stealth        | 8 11 14 17 19 22 27 | 27.0
Shields        | 8 11 14 17 19 23 27 | 27.0
Unarmed Combat | 8 11 14 17 19 23 27 | 27.0
Invocations    | 8 11 14 17 19 23 27 | 27.0
Evocations     | 8 11 14 17 19 23 27 | 27.0

Action                   |  1- 3 |  4- 6 |  7- 9 | 10-12 | 13-15 | 16-18 | 19-21 | 22-24 | 25-27 || total
-------------------------+-------+-------+-------+-------+-------+-------+-------+-------+-------++-------
Melee: Executioner's axe |     1 |       |       |     3 |     5 |     7 |    14 |    20 |   115 ||   165
 Cast: Manifold Assault  |       |       |       |     1 |     2 |     6 |     8 |    10 |    43 ||    70
       Summon Cactus Gia |       |       |       |       |       |     1 |       |       |     2 ||     3
       Wereblood         |       |       |       |       |       |     1 |       |       |     1 ||     2
       Summon Small Mamm |       |       |       |       |       |     2 |       |       |       ||     2
       Summon Hydra      |       |       |       |       |       |       |     1 |       |     1 ||     2
       Monstrous Menager |       |       |       |       |       |       |       |       |     1 ||     1
Armor: Leather armour    |       |       |       |       |       |       |       |       |     1 ||     1
Dodge: Dodged            |       |       |       |       |       |       |       |       |     6 ||     6

Table legend: (Time is in decaauts)
 A = Elapsed time spent in this place.
 B = Non-inter-level travel time spent in this place.
 C = Inter-level travel time spent in this place.
 D = Time resting spent in this place.
 E = Time spent auto-exploring this place.
 F = Levels seen in this place.
 G = Mean time per level.
                   A        B        C        D        E       F      G
               +--------+--------+--------+--------+--------+-----+--------+
         Total |    101 |    101 |      0 |      0 |      0 |   1 |  101.0 |
       Dungeon |    101 |    101 |      0 |      0 |      0 |   1 |  101.0 |
               +--------+--------+--------+--------+--------+-----+--------+

Top non-repeatable levels by time:
       D: 101 daAuts
